 Dungeon Crawl Stone Soup version 0.29-a0-555-g3b24f45cc1 (webtiles) character file.

Game seed: 10978972444485297517

32 Crownlay the Cudgeller (level 3, -2/36 HPs)
             Began as a Troll Berserker on June 7, 2022.
             Was a Believer of Trog.
             Killed from afar by a white imp (7 damage)
             ... with a puff of frost
             ... summoned by Natasha
             ... on level 2 of the Dungeon.
             The game lasted 00:01:04 (1103 turns).

Crownlay the Cudgeller (Troll Berserker)            Turns: 1103, Time: 00:01:05

Health: -2/36      AC:  4    Str: 27    XL:     3   Next: 10%
Magic:  2/2        EV: 10    Int:  3    God:    Trog [**....]
Gold:   25         SH:  0    Dex:  9    Spells: 2/2 levels left

rFire   . . .      SeeInvis .   a - +0 mace
rCold   . . .      Faith    .   (no shield)
rNeg    . . .      Spirit   .   b - +0 animal skin
rPois   .          Reflect  .   (helmet restricted)
rElec   .          Harm     .   (no cloak)
rCorr   .          Rampage  .   (gloves unavailable)
Will    .....                   (boots unavailable)
Stlth   +.........              (no amulet)
HPRegen 0.92/turn               (no ring)
MPRegen 0.08/turn               (no ring)

@: slowed, very slow
A: large, unfitting armour, claws 3, regeneration 1, shaggy fur 1, tough skin 1
a: Renounce Religion, Berserk, Trog's Hand


You were on level 2 of the Dungeon.
You worshipped Trog.
Trog was pleased with you.
You visited 1 branch of the dungeon, and saw 2 of its levels.

You collected 25 gold pieces.

Inventory:

Hand Weapons
 a - a +0 mace (weapon)
Armour
 b - a +0 animal skin (worn)
Scrolls
 f - a scroll of identify {unknown}
 h - a scroll of enchant armour {unknown}
 i - a scroll of enchant weapon {unknown}
Potions
 c - a potion of mutation {unknown}
 d - a potion of magic {unknown}
 e - a potion of heal wounds {unknown}
 g - a potion of curing {unknown}


   Skills:
 - Level 2.4 Fighting
 * Level 3.9 Maces & Flails
 - Level 2.4 Dodging


You had 2 spell levels left.
You didn't know any spells.
Your spell library was empty.

Dungeon Overview and Level Annotations

Branches:
Dungeon (2/15)

Altars:

Annotations:
D:2 Natasha


Innate Abilities, Weirdness & Mutations

You are too large for most types of armour.
You have claws for hands.
Your natural rate of healing is unusually fast.
You are covered in fur. (AC +1)
You have tough skin. (AC +1)


Message History

The shadow imp closely misses you. The hobgoblin barely misses you.
Natasha closely misses you. The dart slug barely misses you.
The shadow imp completely misses you.
You closely miss Natasha.
Natasha is heavily wounded.
The hobgoblin hits you. Natasha barely misses you. The shadow imp hits you.
* * * LOW HITPOINT WARNING * * *
The hobgoblin barely misses you. The dart slug launches a dart at you.
The slug dart misses you.
The slug dart hits the shadow imp.
Natasha claws you.
* * * LOW HITPOINT WARNING * * *
You hit Natasha.
Natasha is severely wounded.
The shadow imp disappears in a puff of smoke!
The hobgoblin misses you.
An endoplasm comes into view.
Natasha casts a spell.
The dart slug launches a dart at you. The slug dart hits you.
* * * LOW HITPOINT WARNING * * *
The hobgoblin hits you but does no damage.
Natasha claws you.
* * * LOW HITPOINT WARNING * * *
The endoplasm quivers.
You hit Natasha but do no damage.
Natasha is severely wounded.
The hobgoblin completely misses you. The dart slug launches a dart at you.
The slug dart hits you.
* * * LOW HITPOINT WARNING * * *
Natasha closely misses you. The hobgoblin hits you.
* * * LOW HITPOINT WARNING * * *
The dart slug closely misses you. Natasha closely misses you.
You closely miss Natasha.
Natasha is severely wounded.
The white imp gestures at you. The puff of frost misses you.
The puff of frost hits the dart slug!
The hobgoblin barely misses you. Natasha claws you but does no damage.
The white imp gestures at you. The puff of frost hits you!
You die...

... # .. .. .. #.
#. .# ###.####.#
.#
.........##.#####
.........hg....#
####......5@w#
............#
#.....#.#.##
#.....J...#
#.........#
#........##
#.....#.##
#.#.###.#
#.#.###.#


You could see Natasha, a white imp (summoned), a dart slug, an endoplasm and a
hobgoblin.

Vanquished Creatures
  3 dart slugs (D:1)
  2 endoplasms (D:1)
  2 giant cockroaches (D:1)
  5 hobgoblins
  2 quokkas (D:1)
  4 ball pythons
  2 frilled lizards (D:1)
  2 kobolds (D:1)
  4 rats (D:1)
26 creatures vanquished.

Notes
Turn   | Place    | Note
-------+----------+-------------------------------------------
     0 | D:1      | Crownlay the Troll Berserker began the quest for the Orb.
     0 | D:1      | Reached XP level 1. HP: 22/22 MP: 0/0
    65 | D:1      | Reached skill level 3 in Maces & Flails
   168 | D:1      | Reached XP level 2. HP: 29/29 MP: 1/1
   784 | D:1      | Reached ** piety under Trog
   793 | D:1      | Reached XP level 3. HP: 36/36 MP: 2/2
   988 | D:1      | Found a faded altar of an unknown god.
  1088 | D:2      | Noticed Natasha
  1103 | D:2      | Killed from afar by a white imp

Illustrated notes

Levels and vault maps discovered:
D:1:      psy_arrival_radial02, layout_loops_corners,
          shapermc_ecumenical_altar_hornbeckon
D:2:      layout_loops_ring, basic_altar, kennysheep_nondescript, uniq_natasha

Skill      XL: |  1 |
---------------+----+-----
Maces & Flails | 3 |  3.9
Fighting       | |  2.4
Dodging        | |  2.4

Action                   || total
-------------------------++-------
Melee: Mace              ||    84
Armor: Animal skin       ||    22
Dodge: Dodged            ||    65

Table legend: (Time is in decaauts)
 A = Elapsed time spent in this place.
 B = Non-inter-level travel time spent in this place.
 C = Inter-level travel time spent in this place.
 D = Time resting spent in this place.
 E = Time spent auto-exploring this place.
 F = Levels seen in this place.
 G = Mean time per level.
                   A        B        C        D        E       F      G
               +--------+--------+--------+--------+--------+-----+--------+
         Total |   1140 |   1115 |     25 |      0 |    917 |   2 |  570.0 |
       Dungeon |   1140 |   1115 |     25 |      0 |    917 |   2 |  570.0 |
               +--------+--------+--------+--------+--------+-----+--------+

Top non-repeatable levels by time:
     D:1: 1098 daAuts
     D:2: 42 daAuts
